 Dungeon Sprint DCSS version 0.30-a0-222-ge547ba4400 (webtiles) character file.

Game seed: 6240494545184192978

7 rocky1 the Ducker (level 2, -3/23 HPs)
             Began as a Merfolk Gladiator on Oct 9, 2022.
             Slain by a water moccasin (7 damage)
             ... in the Dungeon (Sprint II: "The Violet Keep of Menkaure").
             The game lasted 00:00:22 (31 turns).

rocky1 the Ducker (Merfolk Gladiator)                 Turns: 31, Time: 00:00:23

Health: -3/23      AC:  4    Str: 14    XL:     2   Next: 0%
Magic:  2/2        EV: 17    Int:  7    God:
Gold:   243        SH:  0    Dex: 15    Spells: 1/1 levels left

rFire   . . .      SeeInvis .    a - +0 long sword
rCold   . . .      Faith    .    (no shield)
rNeg    . . .      Spirit   .    b - +0 leather armour
rPois   .          Reflect  .    c - +0 helmet
rElec   .          Harm     .    (no cloak)
rCorr   .          Rampage  .    (no gloves)
Will    .....      NoTele   +    (boots currently unavailable)
Stlth   ++........               (no amulet)
HPRegen 0.23/turn                (no ring)
MPRegen 0.08/turn                (no ring)

@: lethally poisoned (-3 -> -9), very quick
A: nimble swimmer 2, mertail
a: no special abilities


You were in the Dungeon.
You visited 1 branch You collected 243 gold pieces.

Inventory:

Hand Weapons
 a - a +0 long sword (weapon)
Missiles
 d - 3 throwing nets (quivered)
 e - a javelin
Armour
 b - a +0 leather armour (worn)
 c - a +0 helmet (worn)
Scrolls
 k - a scroll of blinking
Potions
 f - a potion of curing
 h - a potion of haste
 i - 2 potions of magic
 j - a potion of berserk rage


   Skills:
 + Level 2.5 Fighting
 + Level 4.6 Long Blades
 + Level 2.3 Throwing
 + Level 5.1 Dodging
 + Level 0.1 Stealth


You had one spell level left.
You didn't know any spells.
Your spell library was empty.

Dungeon Overview and Level Annotations

Branches:
Dungeon (1/1)

Altars:

Annotations:
D exclusion: obsidian statue


Innate Abilities, Weirdness & Mutations

You are very nimble when in or above water. (Stealth+, EV+, Speed+++)
Your lower body shifts to a powerful aquatic tail in water.


Message History

Marking area around an obsidian statue as unsafe for travelling.
A worm comes into view.
Marking area around an obsidian statue as unsafe for travelling.
There is an open door here.
Your legs become a tail as you enter the water.
A water moccasin comes into view.
The water moccasin hisses angrily.
You miss the water moccasin.
You tail-slap the water moccasin, but do no damage.
The water moccasin closely misses you. The water moccasin barely misses you.
You slash the water moccasin!
The water moccasin is moderately wounded.
The water moccasin bites you.
You hit the water moccasin.
Your tail-slap misses the water moccasin.
The water moccasin is heavily wounded.
The water moccasin bites you. x2
* * * LOW HITPOINT WARNING * * *
You are lethally poisoned!
The water moccasin poisons you!
You feel much better.
You feel very sick. The water moccasin barely misses you.
Unknown command.
You slash the water moccasin! You tail-slap the water moccasin.
The water moccasin is almost dead.
You feel very sick.
The water moccasin completely misses you.
The water moccasin bites you!
You hit the water moccasin.
The water moccasin is almost dead.
* * * LOW HITPOINT WARNING * * *
You feel very sick. The water moccasin barely misses you.
You barely miss the water moccasin.
The water moccasin is almost dead.
* * * LOW HITPOINT WARNING * * *
You feel sick. The water moccasin barely misses you.
The water moccasin bites you!
You die...

##.##B..#
+.<.+# .#
##.##.B$#...
##'# .##...
##..### #~~.§
#.†##w#§~~§~~
##.#.##~~§~§~
#~~##'##S§~§≈§~
#~~~~~@~~§§≈§§
#+++#+++#~≈§≈≈
≈≈§§ ≈§# ≈≈§≈≈≈
# +≈≈○≈≈8≈≈
##≈≈≈≈§≈≈
##°≈≈≈°≈≈ ####+


You could see a water moccasin.

Vanquished Creatures
  2 worms (D)
2 creatures vanquished.

Notes
Turn   | Place    | Note
-------+----------+-------------------------------------------
     0 | D        | rocky1 the Merfolk Gladiator began the quest for the Orb.
     0 | D        | Reached XP level 1. HP: 16/16 MP: 1/1
     1 | D        | Noticed a boulder beetle
     1 | D        | Noticed a boulder beetle
    15 | D        | Reached skill level 5 in Dodging
    15 | D        | Reached XP level 2. HP: 15/23 MP: 2/2
    22 | D        | Noticed an obsidian statue
    23 | D        | Noticed a water moccasin
    31 | D        | Slain by a water moccasin

Illustrated notes

Levels and vault maps discovered:
D:        the_violet_keep_of_menkaure [sprint2_stairs_cluster_1,
          sprint2_shoproom, sprint2_temple, sprint2_basic_supplies,
          sprint2_obstacle_3, sprint2_obstacle_4, sprint2_obstacle_7,
          sprint2_obstacle_2, sprint2_obstacle_5, sprint2_timed_cluster_1,
          sprint2_smallroom_cluster_1, sprint2_smallroom_final_cluster_1,
          sprint2_transparent_cluster_1, sprint2_second_timed_cluster_1,
          sprint2_sniper_area_1, sprint2_heavy_combat_area_1,
          sprint2_mutation_trap_area_1, sprint2_forest_area_1,
          sprint2_light_combat_area_1, sprint2_behind_water_1,
          sprint2_near_end_vault_1]

Skill      XL: |  1 |
---------------+----+-----
Long Blades    | 4 |  4.6
Dodging        | 5 |  5.1
Fighting       | |  2.5
Throwing       | |  2.3
Stealth        | |  0.1

Action                   || total
-------------------------++-------
Melee: Long sword        ||    13
       Tailslap          ||     2
  Use: Potion            ||     1
 Stab: Sleeping          ||     1
Dodge: Dodged            ||     9

Table legend: (Time is in decaauts)
 A = Elapsed time spent in this place.
 B = Non-inter-level travel time spent in this place.
 C = Inter-level travel time spent in this place.
 D = Time resting spent in this place.
 E = Time spent auto-exploring this place.
 F = Levels seen in this place.
 G = Mean time per level.
                   A        B        C        D        E       F      G
               +--------+--------+--------+--------+--------+-----+--------+
         Total |     32 |     32 |      0 |      0 |      0 |   1 |   32.0 |
       Dungeon |     32 |     32 |      0 |      0 |      0 |   1 |   32.0 |
               +--------+--------+--------+--------+--------+-----+--------+

Top non-repeatable levels by time:
       D: 32 daAuts
